 Dungeon Crawl Stone Soup version 0.18.1-48-g4cf74bf (webtiles) character file.

60 Gadfly the Stinger (level 3, 0/24 HPs)
             Began as a Demonspawn Venom Mage on June 25, 2016.
             Slain by a two-headed ogre
             ... wielding a +0 giant spiked club
              (17 damage)
             ... on level 3 of the Dungeon.
             The game lasted 00:09:15 (1985 turns).

Gadfly the Stinger (Demonspawn Venom Mage)          Turns: 1985, Time: 00:09:16

Health: 0/24       AC:  4    Str:  8    XL:     3   Next: 82%
Magic:  0/6        EV: 12    Int: 17    God:
Gold:   62         SH:  0    Dex: 13    Spells: 3 memorised, 1 level left

rFire  x . .     SeeInvis .     j - +0 spear
rCold  + . .     Gourm    .     a - +0 robe
rNeg   . . .     Faith    .     (no shield)
rPois  .         Spirit   .     (no helmet)
rElec  .         Dismiss  .     m - +1 cloak
rCorr  .         Reflect  .     (no gloves)
SustAt .         Harm     .     (no boots)
MR     .....                    (no amulet)
Stlth  ++........               (no ring)
                                e - ring of ice

@: very slightly contaminated, not resistant to hostile enchantments, unstealthy
A: spiny 1, rot immunity
a: no special abilities


You were on level 3 of the Dungeon.
You were not hungry.

You visited 1 branch of the dungeon, and saw 3 of its levels.

You collected 62 gold pieces.

Inventory:

Hand Weapons
 f - a +0 dagger of speed
 j - a +0 spear (weapon)
 k - a +2 dagger of protection
Armour
 a - a +0 robe (worn)
 m - a +1 cloak (worn)
Jewellery
 e - a ring of ice (left hand)
Scrolls
 d - 2 scrolls of fear
 n - a scroll of remove curse
 o - a scroll of identify {unknown}
Potions
 g - a potion of flight {unknown}
 h - 2 potions of curing
 l - 2 potions of mutation {unknown}
 p - a potion of magic {unknown}
Books
 b - a Young Poisoner's Handbook

   Spells                             Type                      Level
   a - Sting                          Conjuration/Poison           1
   b - Cure Poison                    Poison                       2
   c - Mephitic Cloud                 Conjuration/Poison/Air       3
   d - Olgreb's Toxic Radiance        Poison                       4
   e - Venom Bolt                     Conjuration/Poison           5
Comestibles
 c - 3 chunks of flesh
 i - 2 beef jerkies


   Skills:
 + Level 0.2 Fighting
 + Level 0.3 Polearms
 + Level 2.0 Dodging
 + Level 1.9 Stealth
 + Level 2.5 Spellcasting
 + Level 1.3 Conjurations
 + Level 4.5 Poison Magic


You had one spell level left.
You knew the following spells:

 Your Spells              Type           Power        Failure   Level  Hunger
a - Sting                 Conj/Pois      ##..         6%          1    #......
b - Cure Poison           Pois           ###.......   4%          2    ##.....
c - Mephitic Cloud        Conj/Pois/Air  #.......     24%         3    ###....


Dungeon Overview and Level Annotations

Branches:
Dungeon (3/15)

Altars:


Innate Abilities, Weirdness & Mutations

You are partially covered in sharp spines.
You are immune to rotting.


Message History

Uppercase [Y]es or [N]o only, please.
That beam is likely to hit you.
Continue anyway?
You miscast Mephitic Cloud.
Nothing appears to happen.
The orc is struck by your spines.
You kill the orc!
The orc wizard casts a spell.
The orc wizard seems to speed up.
Casting: Mephitic Cloud
Confirm with . or Enter, or press ? or * to list all spells.
Okay, then.
You hit the two-headed ogre.
The two-headed ogre is lightly wounded.
The two-headed ogre closely misses you. The two-headed ogre barely misses you.
An orc comes into view. It is wielding a trident.
The orc shouts!
You hit the two-headed ogre.
The two-headed ogre is moderately wounded.
The two-headed ogre hits you with a giant spiked club!
Ouch! That really hurt!
You die...

#.######$ #........
#<.....#
#####.####.# ..##.#
#.##.# .#..
#.##.###.....
##.#####l........#$
#...[@Ooo.........#
##.#####g.†o......#
#..........#
#..........#
#....(.....#
#.......#.##
#.##.####.# #.....
#


You could see a two-headed ogre, an orc wizard, 2 orcs, a giant gecko and a
hobgoblin.

Vanquished Creatures
  An adder (D:2)
  A worm (D:2)
  6 dart slugs
  A giant gecko (D:1)
  An orc (D:3)
  A ball python (D:1)
  A giant cockroach (D:2)
  5 goblins
  5 hobgoblins
  3 kobolds (D:1)
  2 bats
  3 giant newts
  3 rats
33 creatures vanquished.

Notes
Turn   | Place    | Note
--------------------------------------------------------------
     0 | D:1      | Gadfly the Demonspawn Venom Mage began the quest for the Orb.
     0 | D:1      | Reached XP level 1. HP: 13/13 MP: 3/3
   372 | D:1      | Gained mutation: You are immune to rotting. [demonic ancestry]
   372 | D:1      | Reached XP level 2. HP: 19/19 MP: 1/5
   821 | D:2      | Learned a level 2 spell: Cure Poison
  1082 | D:2      | Gained mutation: You are partially covered in sharp spines. [demonic ancestry]
  1082 | D:2      | Reached XP level 3. HP: 12/24 MP: 2/6
  1288 | D:2      | Learned a level 3 spell: Mephitic Cloud
  1513 | D:2      | Reached skill level 1 in Conjurations
  1968 | D:3      | Noticed a two-headed ogre
  1985 | D:3      | Slain by a two-headed ogre

Skill      XL: |  1  2  3 |
---------------+----------+-----
Conjurations   | 1 |  1.3
Dodging        | 2 |  2.0
Fighting       | |  0.2
Polearms       | |  0.3
Stealth        | |  1.9
Spellcasting   | |  2.5
Poison Magic   | |  4.5

Action                   || total
-------------------------++-------
Melee: Dagger            ||     7
       Spear             ||    27
       Unarmed           ||     1
 Cast: Sting             ||    66
       Mephitic Cloud    ||     3
  Use: Scroll            ||     6
       Potion            ||     3
  Eat: Bread ration      ||     1
Armor: Robe              ||     4
Dodge: Dodged            ||    39
